 Dungeon Crawl Stone Soup version 0.30-a0-371-gad7725a93e (webtiles) character file.

Game seed: 5047197150056213462

119 Hubris850 the Shooter (level 4, -3/25 HPs)
             Began as a Deep Elf Hunter on Nov 22, 2022.
             Hit by a stone thrown by a gnoll (4 damage)
             ... on level 4 of the Dungeon.
             The game lasted 00:04:35 (1933 turns).

Hubris850 the Shooter (Deep Elf Hunter)             Turns: 1933, Time: 00:04:36

Health: -3/25      AC:  6    Str:  8    XL:     4   Next: 74%
Magic:  6/6        EV: 13    Int: 16    God:
Gold:   114        SH:  0    Dex: 18    Spells: 3/3 levels left

rFire   . . .      SeeInvis .    a - +0 shortbow
rCold   . . .      Faith    .    (shield currently unavailable)
rNeg    . . .      Spirit   .    c - +1 leather armour
rPois   .          Reflect  .    (no helmet)
rElec   .          Harm     .    (no cloak)
rCorr   .          Rampage  .    s - +1 pair of gloves
Will    .....                    (no boots)
Stlth   ++........               d - amulet of magic regeneration
HPRegen 0.24/turn                (no ring)
MPRegen 0.50/turn                (no ring)

@: no status effects
A: no striking features
a: no special abilities


You were on level 4 of the Dungeon.
You visited 1 branch of the dungeon, and saw 4 of its levels.

You collected 114 gold pieces.

Inventory:

Hand Weapons
 a - a +0 shortbow (weapon)
 l - a +3 short sword
Missiles
 m - 2 boomerangs
Armour
 c - a +1 leather armour (worn)
 f - the +3 chain mail of Pragmatism {rF+}
   (You found it on level 3 of the Dungeon)

   rF:        It protects you from fire.
 s - a +1 pair of gloves (worn)
Jewellery
 d - an amulet of magic regeneration (around neck)
Scrolls
 b - a scroll of immolation
 e - 4 scrolls of teleportation
 o - a scroll of identify
 q - a scroll of magic mapping {unknown}
 r - a scroll of butterflies {unknown}
 t - a scroll of brand weapon {unknown}
Potions
 g - 2 potions of curing
 h - 3 potions of mutation
 i - 4 potions of flight
 j - a potion of haste {unknown}
 k - a potion of degeneration {unknown}
 n - a potion of lignification {unknown}
 p - a potion of brilliance {unknown}
 u - a potion of might {unknown}


   Skills:
 - Level 1.5 Fighting
 + Level 6.7 Ranged Weapons
 - Level 4.0 Dodging
 - Level 3.0 Stealth


You had 3 spell levels left.
You didn't know any spells.
Your spell library contained the following spells:

 Spells                   Type           Power      Damage    Failure   Level
 Blink                    Tloc           0%         N/A       50%         2
 Momentum Strike          Conj/Tloc      0%         3d8       50%         2
 Lesser Beckoning         Tloc           0%         N/A       73%         3
 Ozocubu's Armour         Ice            0%         N/A       73%         3
 Ozocubu's Refrigeration  Ice            0%         4d7       100%        7


Dungeon Overview and Level Annotations

Branches:
Dungeon (4/15)
 Temple: D:4-7

Altars:

Shops:
D:2 [   D:3 =


Message History

You shoot an arrow. The arrow hits the orc!
You kill the orc!
Unknown command.
Fire: a) +0 shortbow
Press: ? - help, Q - select action, (/) - cycle Shift-Dir - straight line, f/p - orc
Aim: an orc, wielding a +0 flail (64% to hit)
You shoot an arrow. The arrow hits the orc.
The orc is moderately wounded.
The gnoll closely misses you. The orc closely misses you.
Fire: a) +0 shortbow
Press: ? - help, Q - select action, (/) - cycle Shift-Dir - straight line, f/p - orc
Aim: an orc, wielding a +0 flail (moderately wounded, 64% to hit)
You shoot an arrow. The arrow closely misses the orc.
The arrow hits the orc!
You kill the orc!
The orc hits you with a +0 flail. The gnoll misses you.
Fire: a) +0 shortbow
Press: ? - help, Q - select action, (/) - cycle Shift-Dir - straight line, f/p - orc
Aim: an orc, wielding a +0 flail (moderately wounded, 64% to hit)
You shoot an arrow. The arrow closely misses the orc.
You hear a shout!
The orc closely misses you.
The gnoll hits you from afar with a +0 spear.
The gnoll misses you. The orc misses you.
Fire: a) +0 shortbow
Press: ? - help, Q - select action, (/) - cycle Shift-Dir - straight line, f/p - orc
Aim: an orc, wielding a +0 flail (moderately wounded, 64% to hit)
You shoot an arrow. The arrow hits the orc.
The orc is almost dead.
The orc closely misses you. The gnoll barely misses you.
The gnoll hits you from afar with a +0 spear.
* * * LOW HITPOINT WARNING * * *
Fire: a) +0 shortbow
Press: ? - help, Q - select action, (/) - cycle Shift-Dir - straight line, f/p - orc
Aim: an orc, wielding a +0 flail (almost dead, 64% to hit)
You shoot an arrow. The arrow hits the orc!
You kill the orc!
The gnoll hits you from afar with a +0 spear.
* * * LOW HITPOINT WARNING * * *
The gnoll throws a stone.
The stone hits you.
You die...

## ######### ..
#.......### .#
#.........# .# .
#.......#@# .# ....
#.......#)##.#.g...
#........gg.)...#
#.......#..).......
####.####.#########
#......# ######.# #
#########.# #.##
#......##.#


You could see 2 gnolls.

Vanquished Creatures
  An iguana (D:4)
  4 adders
  2 dart slugs
  6 orcs
  3 ball pythons
  4 bats
  5 endoplasms
  2 goblins
  6 hobgoblins
  5 jackals
  4 kobolds
  A quokka (D:2)
  3 frilled lizards
  3 rats
49 creatures vanquished.

Notes
Turn   | Place    | Note
-------+----------+-------------------------------------------
     0 | D:1      | Hubris850 the Deep Elf Hunter began the quest for the Orb.
     0 | D:1      | Reached XP level 1. HP: 12/12 MP: 3/3
    78 | D:1      | Reached XP level 2. HP: 16/16 MP: 4/4
   791 | D:2      | Found Xuel's Armour Emporium.
   796 | D:2      | Reached XP level 3. HP: 20/20 MP: 5/5
  1180 | D:2      | Reached skill level 6 in Ranged Weapons
  1319 | D:3      | Identified the +3 chain mail of Pragmatism {rF+}
  1397 | D:3      | Reached XP level 4. HP: 25/25 MP: 6/6
  1608 | D:3      | Found Ruphoag's Jewellery Shoppe.
  1728 | D:3      | Found a faded altar of an unknown god.
  1933 | D:4      | HP: 1/25 [gnoll/+0 spear (6)]
  1933 | D:4      | Hit by a stone thrown by a gnoll

Illustrated notes

Levels and vault maps discovered:
D:1:      ncdulo_wetmaze, layout_basic, chequers_decorated_corner
D:2:      layout_rooms, serial_shops, nicolae_shop_waterfront
D:3:      layout_basic, serial_shops, shop, chequers_ecumenical_altar_island
D:4:      layout_loops_cross, nzn_wu_jian_council_hall,
          kennysheep_generic_room_13

Skill      XL: |  1  2  3  4 |
---------------+-------------+-----
Stealth        | 2 3 |  3.0
Dodging        | 3 4 |  4.0
Ranged Weapons | 6 |  6.7
Fighting       | |  1.5

Action                   |  1- 3 |  4- 6 || total
-------------------------+-------+-------++-------
 Fire: Shortbow          |   103 |    32 ||   135
  Use: Scroll            |     8 |       ||     8
Armor: Leather armour    |    10 |     6 ||    16
Dodge: Dodged            |    22 |    20 ||    42

Table legend: (Time is in decaauts)
 A = Elapsed time spent in this place.
 B = Non-inter-level travel time spent in this place.
 C = Inter-level travel time spent in this place.
 D = Time resting spent in this place.
 E = Time spent auto-exploring this place.
 F = Levels seen in this place.
 G = Mean time per level.
                   A        B        C        D        E       F      G
               +--------+--------+--------+--------+--------+-----+--------+
         Total |   1977 |   1895 |     82 |      0 |   1579 |   4 |  494.2 |
       Dungeon |   1977 |   1895 |     82 |      0 |   1579 |   4 |  494.2 |
               +--------+--------+--------+--------+--------+-----+--------+

Top non-repeatable levels by time:
     D:1: 801 daAuts
     D:3: 586 daAuts
     D:2: 529 daAuts
     D:4: 61 daAuts
